 Dungeon Crawl Stone Soup version 0.28.0-45-g0d030f2227 (webtiles) character file.

Game seed: 8644754875484446496

367 Descartes the Ruffian (level 6, 0/59 HPs)
             Began as a Troll Delver on Apr 13, 2022.
             Slain by an ice beast (7 damage)
             ... on level 5 of the Dungeon.
             The game lasted 00:01:30 (566 turns).

Descartes the Ruffian (Troll Delver)                 Turns: 566, Time: 00:01:31

Health: 0/59       AC:  4    Str: 21    XL:     6   Next: 41%
Magic:  5/5        EV: 10    Int:  8    God:
Gold:   37         SH:  0    Dex: 11    Spells: 5/5 levels left

rFire   . . .      SeeInvis .     - Unarmed
rCold   . . .      Faith    .   (no shield)
rNeg    . . .      Spirit   .   a - +0 robe
rPois   .          Reflect  .   (helmet restricted)
rElec   .          Harm     .   (no cloak)
rCorr   .          Rampage  .   (gloves unavailable)
Will    .....                   (boots unavailable)
Stlth   ++........              (no amulet)
HPRegen 0.99/turn               (no ring)
MPRegen 0.09/turn               (no ring)

@: no status effects
A: large, unfitting armour, claws 3, regeneration 1, shaggy fur 1, tough skin 1
a: no special abilities


You were on level 5 of the Dungeon.
You visited 1 branch of the dungeon, and saw 1 of its levels.

You collected 37 gold pieces.

Inventory:

Missiles
 l - 25 stones (quivered)
Armour
 a - a +0 robe (worn)
Jewellery
 g - a +4 ring of evasion
Wands
 f - a wand of digging (3)
 k - a wand of acid (8)
Scrolls
 b - a scroll of fog
 c - 2 scrolls of magic mapping
 d - a scroll of fear
 j - a scroll of summoning {unknown}
Potions
 e - a potion of haste
 h - a potion of mutation {unknown}
 i - a potion of lignification {unknown}


   Skills:
 - Level 2.5 Fighting
 - Level 1.8 Dodging
 - Level 2.8 Stealth
 + Level 6.6 Unarmed Combat


You had 5 spell levels left.
You didn't know any spells.
Your spell library was empty.

Dungeon Overview and Level Annotations

Branches:
Dungeon (5/15)
 Temple: D:4-7

Altars:


Innate Abilities, Weirdness & Mutations

You are too large for most types of armour.
You have claws for hands.
Your natural rate of healing is unusually fast.
You are covered in fur. (AC +1)
You have tough skin. (AC +1)


Message History

You barely miss the sky beast.
The sky beast is moderately wounded.
The sky beast hits you but does no damage.
You claw the sky beast!
The sky beast is almost dead.
The sky beast hits you but does no damage.
You claw the sky beast!
You kill the sky beast!
You closely miss the ice beast.
The ice beast hits you but does no damage.
You scratch the ice beast but do no damage.
The ice beast hits you but does no damage.
You closely miss the ice beast. The ice beast barely misses you.
You scratch the ice beast but do no damage.
The ice beast barely misses you.
You closely miss the ice beast. The ice beast barely misses you.
You barely miss the ice beast. The ice beast misses you.
You closely miss the ice beast. You scratch the ice beast.
The ice beast is moderately wounded.
The ice beast hits you. The ice beast freezes you!
You mangle the ice beast!!
The ice beast is almost dead.
The ice beast hits you. The ice beast freezes you!
You scratch the ice beast but do no damage.
The ice beast is almost dead.
The ice beast hits you. The ice beast freezes you!
You are too injured to fight recklessly!
You are too injured to fight recklessly!
You are too injured to fight recklessly!
You scratch the ice beast.
The ice beast is almost dead.
The ice beast hits you. The ice beast freezes you!
* * * LOW HITPOINT WARNING * * *
You closely miss the ice beast.
The ice beast is almost dead.
The ice beast hits you.
* * * LOW HITPOINT WARNING * * *
The ice beast freezes you!
You die...

#..... #..(. #.... .
#... .. #..# ... ## #..#
.. #.. ..# #..#.####
#.#####.# #@Y).....
######.#...#.###.##.####
........................
.........#.#.#.#.##.####
.........#.#.#.#.## #
.........#.#.#....#+#
..................[..#
.....#.###.#.#.##......
####.#.....#.#.# .....#


You could see an ice beast.

Vanquished Creatures
  A sky beast (D:5)
  A scorpion (D:5)
  3 hounds (D:5)
  A gnoll shaman (D:5)
  An iguana (D:5)
  A howler monkey zombie (D:5)
  3 gnolls (D:5)
  2 adders (D:5)
  A white imp (D:5)
14 creatures vanquished.

Notes
Turn   | Place    | Note
-------+----------+-------------------------------------------
     0 | D:5      | Descartes the Troll Delver began the quest for the Orb.
     0 | D:5      | Reached XP level 1. HP: 22/22 MP: 0/0
    11 | D:5      | Reached XP level 2. HP: 29/29 MP: 1/1
    84 | D:5      | Reached skill level 3 in Unarmed Combat
    84 | D:5      | Reached XP level 3. HP: 7/36 MP: 2/2
   129 | D:5      | Reached XP level 4. HP: 24/44 MP: 3/3
   250 | D:5      | Reached skill level 4 in Unarmed Combat
   275 | D:5      | Reached XP level 5. HP: 50/50 MP: 4/4
   279 | D:5      | Reached skill level 5 in Unarmed Combat
   521 | D:5      | Reached skill level 6 in Unarmed Combat
   521 | D:5      | Reached XP level 6. HP: 52/59 MP: 5/5
   544 | D:5      | Noticed a sky beast
   548 | D:5      | Noticed an ice beast
   554 | D:5      | Killed a sky beast
   566 | D:5      | Slain by an ice beast

Illustrated notes

Levels and vault maps discovered:
D:5:      layout_basic, kennysheep_generic_room_5

Skill      XL: |  1  2  3  4  5 |
---------------+----------------+-----
Unarmed Combat | 3 4 6 |  6.6
Fighting       | |  2.5
Dodging        | |  1.8
Stealth        | |  2.8

Action                   |  1- 3 |  4- 6 || total
-------------------------+-------+-------++-------
Melee: Unarmed           |    27 |    43 ||    70
       Punch             |     1 |     1 ||     2
 Stab: Distracted        |       |     2 ||     2
       Sleeping          |       |     1 ||     1
Armor: Robe              |     3 |    12 ||    15
Dodge: Dodged            |    12 |    11 ||    23
